 Dungeon Crawl Stone Soup version 0.25-a0-67-g7dccc1bee0 (webtiles) character file.

Game seed: 10985904683133319355, levelgen mode: deterministic

146 iamserjio the Insei (level 5, 0/34 HPs)
             Began as an Octopode Transmuter on Nov 1, 2019.
             Slain by a leopard gecko (4 damage)
             ... on level 2 of the Dungeon.
             The game lasted 00:02:47 (3350 turns).

iamserjio the Insei (Octopode Transmuter)           Turns: 3350, Time: 00:02:47

Health: 0/34       AC:  1    Str:  9    XL:     5   Next: 28%
Magic:  8/8        EV: 14    Int: 15    God:
Gold:   106        SH:  0    Dex: 14    Spells: 3/9 levels left

rFire    . . .     SeeInvis .     - Unarmed
rCold    . . .     Gourm    .   (no shield)
rNeg     . . .     Faith    .   (helmet restricted)
rPois    .         Spirit   .   (no amulet)
rElec    .         Reflect  .   (no ring)
rCorr    .         Harm     .   (no ring)
MR       .....                  (no ring)
Stlth    ++........             (no ring)
HPRegen  0.11/turn              (no ring)
MPRegen  0.11/turn              (no ring)
                                (no ring)
                                (no ring)

@: no status effects
A: almost no armour, stealthy swim, amphibious, 8 rings, constrict 8, camouflage
1, gelatinous body 1
a: no special abilities


You were on level 2 of the Dungeon.
You were not hungry.

You visited 1 branch of the dungeon, and saw 3 of its levels.

You collected 106 gold pieces.

Inventory:

Missiles
 a - 29 arrows
 f - 38 poisoned darts (quivered)
Scrolls
 d - 2 scrolls of remove curse {unknown}
 g - 2 scrolls of fear {unknown}
 i - a scroll of random uselessness {unknown}
 j - 4 scrolls of identify {unknown}
 l - a scroll of amnesia {unknown}
Potions
 e - a potion of mutation {unknown}
 h - a potion of curing {unknown}
 k - a potion of berserk rage {unknown}
 m - a potion of might {unknown}
 n - a potion of haste {unknown}
 o - a potion of cancellation {unknown}
 p - a potion of heal wounds {unknown}


   Skills:
 + Level 2.1 Fighting
 + Level 2.6 Dodging
 * Level 4.1 Unarmed Combat
 + Level 2.5 Spellcasting
 + Level 2.6 Transmutations
 + Level 1.3 Poison Magic


You had 3 spell levels left.
You knew the following spells:

 Your Spells              Type           Power        Failure   Level  Hunger
a - Beastly Appendage     Tmut           #.....       7%          1    #......
b - Spider Form           Tmut/Pois      #.........   26%         3    ###....
c - Sticks to Snakes      Tmut           #.......     11%         2    ###....

Your spell library contained the following spells:

 Spells                   Type           Power        Failure   Level  Hunger
 Ice Form                 Ice/Tmut       #.......     77%         4    #####..
 Blade Hands              Tmut           #.........   89%         5    ######.


Dungeon Overview and Level Annotations

Branches:
Dungeon (3/15)

Altars:
Fedhas
Qazlal


Innate Abilities, Weirdness & Mutations

You cannot wear most types of armour.
You are very stealthy in the water. (Stealth+)
You are amphibious.
You can wear up to eight rings at the same time.
You can use your tentacles to constrict eight enemies at once.
Your skin changes colour to match your surroundings (Stealth+).
Your rubbery body absorbs attacks. (AC +1, EV +1)


Message History

* * * LOW HITPOINT WARNING * * *
You release your grip on the leopard gecko.
The leopard gecko completely misses you.
The leopard gecko completely misses you.
The leopard gecko bites you but does no damage.
The leopard gecko closely misses you.
Your magical contamination has completely faded away.
There is a stone staircase leading up here.
The leopard gecko completely misses you.
The gnoll barely misses you. The leopard gecko misses you.
You climb upwards.
You feel a little less agile now.
There is a stone staircase leading down here.
The leopard gecko bites you.
* * * LOW HITPOINT WARNING * * *
The leopard gecko misses you. The leopard gecko bites you.
* * * LOW HITPOINT WARNING * * *
The leopard gecko bites you.
You die...

..#.###.#.##.##....# #....#...
..#.......##.##....######....#...
........####.##....#.........#...
.#.................#.....##.##..#
.#+##########.##'###.....##.#####
.........................+......#
.......#######.#.).......##.#####
.......# #...........##.# #.
.......# ##.@........##.# #.
.......########ll#####......# #.
##.#............>...........# ##
##.............#######......# #
...............# #......# #
#..^...........# #......# #
^≈≈≈...........# #......#
.≈_#...........# #......#
^≈.≈^..........# #......#


You could see 2 leopard geckos.

Vanquished Creatures
  A quasit (D:2)
  A gnoll (D:3)
  5 adders
  4 worms
  3 dart slugs
  A leopard gecko (D:2)
  5 bats
  2 giant cockroaches
  6 goblins
  6 hobgoblins
  7 kobolds
  A ball python (D:1)
  5 frilled lizards
  3 rats
50 creatures vanquished.

Notes
Turn   | Place    | Note
-------+----------+-------------------------------------------
     0 | D:1      | iamserjio the Octopode Transmuter began the quest for the
                  | Orb.
     0 | D:1      | Reached XP level 1. HP: 13/13 MP: 3/3
    27 | D:1      | Reached XP level 2. HP: 15/18 MP: 5/5
   938 | D:1      | Reached XP level 3. HP: 23/23 MP: 6/6
  1453 | D:1      | Learned a level 3 spell: Spider Form
  1456 | D:1      | Learned a level 2 spell: Sticks to Snakes
  1684 | D:2      | Found a stormy altar of Qazlal.
  1719 | D:2      | Found a blossoming altar of Fedhas.
  1933 | D:2      | Reached XP level 4. HP: 25/29 MP: 7/7
  1946 | D:2      | Reached skill level 1 in Poison Magic
  2845 | D:2      | Reached XP level 5. HP: 26/34 MP: 8/8
  3182 | D:2      | Reached skill level 4 in Unarmed Combat
  3350 | D:2      | Slain by a leopard gecko

Levels and vault maps discovered:
D:1:      erik_arrival_cave_to_civilisation [erik_arrival_cave_to_hall],
          layout_basic
D:2:      layout_basic, grunt_temple_overflow_forces_of_nature, serial_rivers,
          chequers_serial_rivers_large_b, chequers_serial_rivers_micro_a,
          chequers_serial_rivers_small_b, chequers_serial_rivers_room_a,
          minmay_pentomino_pile
D:3:      layout_basic, lemuel_zombie_altar_kikubaaqudgha

Skill      XL: |  1  2  3  4  5 |
---------------+----------------+-----
Poison Magic   | 1 |  1.3
Fighting       | 2 |  2.1
Unarmed Combat | 4 |  4.1
Dodging        | |  2.6
Spellcasting   | |  2.5
Transmutations | |  2.6

Action                   |  1- 3 |  4- 6 || total
-------------------------+-------+-------++-------
Melee: Unarmed           |    92 |    51 ||   143
       Constrict         |    24 |     6 ||    30
       Tentacles         |    12 |     4 ||    16
       Punch             |     3 |       ||     3
 Cast: Spider Form       |     3 |     3 ||     6
  Use: Potion            |       |     1 ||     1
 Stab: Sleeping          |     7 |     1 ||     8
       Distracted        |     1 |       ||     1
  Eat: Chunk             |     4 |     2 ||     6
       Ration            |       |     1 ||     1
Armor: Skin              |    16 |     7 ||    23
Dodge: Dodged            |    55 |    65 ||   120

Table legend:
 A = Non-vault XP
 B = Vault XP
 C = Vault XP percentage of total XP
 D = Non-vault monster count
 E = Vault monster count
 F = Vault count percentage of total count
                 A         B        C        D         E       F
            +---------+---------+-------+---------+---------+-------
      Total |     175 |      34 |  16.3 |      44 |       6 |  12.0
            +---------+---------+-------+---------+---------+-------
        D:1 |      37 |       5 |  11.9 |      23 |       2 |   8.0
        D:2 |     105 |      29 |  21.6 |      18 |       4 |  18.2
        D:3 |      33 |       0 |   0.0 |       3 |       0 |   0.0
            +---------+---------+-------+---------+---------+-------
